Map: King's Cove LE

Players

pHARM

  • Race: Zerg Zerg
  • League: Platinum
  • Spawn Location: 5:00

Guillermoist - Winner!

  • Race: Protoss Protoss
  • League: Platinum
  • Spawn Location: 11:00

VOD

Have the link to the VOD?

Description

Time

  • Played on: Aug. 3, 2019, 3:40 a.m.
  • Length: 25:51
Show
View Real Time Build Order
Export as new Build Order

pHARM Zerg 

Build Orders: Pool First, Roach Hydra 

Get SALT Encoding   

  12  0:01  Drone  
  13  0:09  Drone  
  14  0:18  Overlord  
  14  0:29  Drone, Extractor  
  15  0:37  Drone x2  
  17  0:55  Drone x2  
  19  1:28  Drone x3  
  22  1:34  Hatchery, Spawning Pool  
  20  1:41  Drone  
  21  1:50  Drone  
  22  1:57  Extractor  
  22  2:00  Drone  
  22  2:52  Overlord x2  
  22  3:10  Zergling x2, Queen x2  
  22  3:11  Zergling x2  
  28  3:23  Drone x5  
  33  3:33  Drone  
  34  3:38  Drone  
  34  3:40  Overlord  
  35  4:01  Lair  
  35  4:04  Drone x4  
  35  4:08  Queen  
  41  4:19  Overlord  
  41  4:21  Drone x2  
  43  4:43  Roach Warren  
  42  4:45  Evolution Chamber  
  41  5:05  Drone x4, Hatchery  
  41  5:06  Drone x7  
  51  5:07  Extractor  
  51  5:08  Extractor  
  49  5:16  Overlord x2  
  49  5:18  Zerg Missile Weapons Level 1  
  49  5:28  Glial Reconstitution  
  49  5:50  Roach x9  
  49  5:52  Overlord  
  67  6:10  Overlord x2  
  67  6:21  Roach x7  
  81  6:35  Roach  
  81  6:36  Roach x5  
  93  6:44  Spore Crawler  
  92  6:52  Spore Crawler  
  92  6:54  Drone x2  
  95  7:01  Roach x2  
  97  7:19  Drone, Spore Crawler  
  97  7:20  Drone  
  97  7:22  Overlord x2  
  98  7:41  Drone  
  99  7:45  Zerg Missile Weapons Level 2  
  99  7:52  Evolution Chamber  
  92  8:07  Hydralisk Den  
  81  8:20  Drone x20  
  81  8:21  Drone  
  81  8:26  Zerg Ground Armor Level 1  
  71  8:37  Infestation Pit  
  71  8:38  Grooved Spines  
  68  8:42  Extractor  
  68  8:44  Extractor  
  66  8:56  Hatchery  
  66  8:59  Drone x10  
  75  9:12  Roach x11  
  97  9:24  Hydralisk x6  
  109  9:35  Extractor  
  108  9:49  Hydralisk x5, Muscular Augments  
  108  9:55  Hydralisk x7  
  102  10:00  Hydralisk x2  
  106  10:11  Hydralisk x2  
  106  10:12  Hydralisk  
  102  10:22  Hydralisk x3  
  102  10:27  Hydralisk x2  
  100  10:32  Hydralisk  
  87  10:58  Hydralisk x7  
  101  11:10  Hydralisk, Extractor  
  101  11:11  Hydralisk x2  
  102  11:12  Overlord x2  
  102  11:13  Overlord  
  102  11:14  Extractor  
  102  11:16  Queen  
  107  11:22  Hive  
  107  11:43  Extractor  
  107  11:44  Hatchery  
  105  11:48  Extractor  
  104  12:04  Drone x5  
  104  12:05  Drone  
  104  12:06  Hydralisk x4  
  104  12:07  Hydralisk x5  
  128  12:11  Zerg Ground Armor Level 2  
  128  12:17  Overseer x3  
  128  12:19  Hydralisk  
  128  12:21  Hydralisk  
  132  12:26  Queen  
  134  12:41  Overlord x2  
  134  12:42  Overlord x4  
  134  12:55  Queen x3  
  140  12:58  Overlord  
  140  12:59  Overlord x2, Hydralisk  
  140  13:00  Hydralisk x9  
  140  13:02  Queen  
  162  13:10  Zerg Missile Weapons Level 3  
  162  13:19  Hydralisk x8  
  178  13:29  Hydralisk  
  178  13:30  Hydralisk x3  
  178  13:31  Queen x2  
  190  13:37  Queen  
  154  13:58  Hydralisk x12  
  140  14:03  Hydralisk x2  
  140  14:04  Hydralisk  
  136  14:14  Hydralisk x4  
  140  14:48  Hydralisk  
  140  14:49  Hydralisk x14  
  170  15:03  Hydralisk x6  
  170  15:04  Overlord x2  
  170  15:05  Overlord x2  
  182  15:28  Hydralisk x8  
  130  15:43  Hydralisk x5  
  130  15:44  Hydralisk  
  114  15:50  Hydralisk x2  
  118  16:05  Hydralisk x6  
  125  16:51  Hydralisk  
  125  16:52  Hydralisk x16  
  141  17:02  Hydralisk x3  
  143  17:18  Hydralisk x5  
  129  17:26  Hydralisk x2  
  121  17:36  Hydralisk x3  
  125  17:42  Drone x3  
  125  17:43  Drone  
  129  17:56  Hatchery  
  124  18:11  Hydralisk  
  124  18:12  Hydralisk x5  
  102  18:31  Spire  
  101  18:34  Drone  
  101  18:35  Drone x10  
  108  19:11  Hydralisk  
  108  19:12  Hydralisk x11  
  120  19:32  Hydralisk x8  
  120  19:33  Hydralisk  
  138  19:55  Zerg Flyer Weapons Level 1  
  138  19:57  Corruptor x4  
  146  20:01  Hatchery  
  146  20:06  Overseer x2  
  145  20:21  Corruptor x6  
  157  20:33  Corruptor  
  157  20:34  Corruptor x4  
  140  21:08  Corruptor  
  140  21:09  Corruptor x6  
  128  21:18  Overlord x2  
  128  21:19  Overlord  
  107  21:30  Corruptor x3  
  101  21:45  Corruptor  
  101  21:46  Corruptor  
  101  22:11  Zerg Flyer Armor Level 1  
  101  22:18  Drone x4  
  101  22:19  Drone x7  
  102  23:19  Corruptor  
  96  23:20  Corruptor x7  
  90  23:48  Hatchery  
  89  24:31  Spawning Pool  
  88  25:09  Hatchery  
  88  25:10  Corruptor x5  
Show
View Real Time Build Order
Export as new Build Order

Guillermoist Protoss - Winner!

Build Orders: Carriers 

Get SALT Encoding   

  12  0:01  Probe  
  13  0:15  Probe  
  14  0:28  Pylon  
  14  0:29  Probe  
  15  0:46  Probe  
  16  1:01  Gateway  
  16  1:04  Forge  
  16  1:07  Pylon  
  16  1:19  Probe  
  17  1:39  Photon Cannon  
  17  1:41  Photon Cannon  
  17  1:50  Assimilator  
  17  1:51  Probe  
  17  1:54  Assimilator  
  18  1:57  Pylon  
  18  2:03  Probe  
  19  2:15  Photon Cannon  
  19  2:25  Probe  
  20  2:33  Probe  
  21  2:57  Cybernetics Core  
  21  3:01  Nexus  
  21  3:03  Probe  
  22  3:29  Pylon  
  22  3:33  Probe  
  23  3:35  Stargate  
  23  3:37  Stargate  
  23  3:55  Shield Battery  
  23  4:00  Probe, Assimilator  
  23  4:01  Assimilator  
  24  4:12  Probe  
  25  4:20  Probe  
  25  4:23  Oracle x2  
  32  4:26  Probe  
  33  4:34  Probe x2  
  35  4:42  Probe  
  35  4:43  Probe  
  35  4:52  Probe  
  37  4:55  Probe  
  39  5:04  Probe  
  39  5:05  Oracle  
  43  5:07  Probe, Oracle  
  44  5:17  Probe  
  44  5:20  Probe  
  49  5:25  Probe  
  49  5:32  Probe  
  49  5:35  Probe  
  51  5:42  Fleet Beacon  
  52  6:08  Pylon  
  52  6:28  Carrier  
  58  6:34  Probe x2  
  58  6:37  Pylon  
  60  6:43  Pylon  
  60  6:46  Probe  
  61  6:47  Pylon x2  
  61  6:51  Shield Battery  
  61  6:52  Carrier, Shield Battery  
  61  6:54  Shield Battery  
  61  7:09  Probe  
  61  7:13  Mothership  
  68  7:18  Protoss Air Weapons Level 1  
  76  7:23  Carrier  
  76  7:30  Pylon  
  76  7:35  Pylon  
  82  8:21  Carrier  
  82  8:23  Probe  
  86  8:34  Assimilator  
  84  8:35  Probe  
  84  8:37  Pylon  
  84  8:39  Pylon  
  85  8:42  Forge  
  86  8:55  Carrier  
  91  9:13  Nexus  
  91  9:27  Carrier  
  97  9:31  Pylon  
  97  9:34  Pylon  
  97  9:38  Assimilator  
  97  9:40  Assimilator  
  97  9:42  Shield Battery  
  97  9:43  Pylon  
  97  9:44  Shield Battery  
  97  9:51  Carrier  
  97  9:55  Photon Cannon  
  97  9:56  Photon Cannon  
  97  9:59  Photon Cannon  
  103  10:29  Carrier  
  103  10:42  Protoss Shields Level 1  
  109  10:48  Protoss Air Weapons Level 2  
  109  10:53  Carrier  
  115  11:10  Probe x2  
  115  11:11  Probe  
  118  11:22  Probe  
  118  11:23  Probe x2  
  121  11:28  Stargate  
  121  11:29  Carrier  
  121  11:31  Stargate  
  121  11:33  Pylon  
  121  11:38  Photon Cannon  
  130  11:40  Photon Cannon  
  127  11:49  Probe x3  
  130  12:01  Probe x3, Carrier  
  132  12:04  Nexus  
  139  12:45  Pylon  
  139  12:46  Pylon  
  139  12:49  Pylon  
  139  12:51  Pylon  
  139  12:53  Pylon  
  139  12:55  Assimilator  
  139  12:59  Assimilator  
  139  13:03  Void Ray, Tempest  
  139  13:04  Tempest  
  153  13:07  Twilight Council  
  153  13:15  Protoss Air Weapons Level 3  
  153  13:18  Nexus  
  153  13:29  Tempest  
  135  14:20  Carrier  
  135  14:21  Carrier x3  
  159  14:31  Mothership  
  159  14:37  Probe x4  
  163  14:49  Probe  
  172  14:59  Probe x2  
  174  15:03  Protoss Shields Level 2  
  158  15:44  Carrier  
  158  15:45  Carrier x3  
  176  16:05  Nexus  
  176  16:08  Pylon  
  176  17:34  Carrier x4  
  197  17:52  Assimilator  
  197  17:53  Assimilator  
  197  17:54  Probe x3  
  200  18:02  Protoss Air Armor Level 1  
  200  18:44  Nexus  
  200  18:51  Nexus  
  200  19:00  Nexus  
  197  19:41  Nexus  
  197  20:05  Pylon  
  197  20:07  Pylon  
  197  20:10  Pylon  
  197  20:14  Pylon  
  197  20:16  Robotics Facility  
  145  21:53  Mothership  
  145  22:33  Void Ray x2  
  145  22:34  Tempest  
  145  22:35  Carrier  
  140  23:11  Carrier x2  
  140  23:12  Carrier  
  140  23:17  Warp Gate  
  128  23:55  Carrier  
  134  24:09  Void Ray x2, Pylon  
  134  24:10  Void Ray  
  134  24:11  Pylon  
  134  24:14  Pylon  
  134  24:17  Pylon  
  134  24:20  Pylon  
  134  24:24  Dark Shrine  
  146  24:32  Gateway  
  146  24:34  Gateway  
  146  24:36  Gateway  
  146  24:38  Gateway  
  146  24:41  Gateway  
  146  24:43  Gateway  
  146  24:44  Gateway  
  146  24:47  Gateway  
  146  24:50  Gateway  
  146  24:51  Gateway  
  146  24:57  Assimilator, Gateway  
  146  24:58  Gateway  
  146  24:59  Pylon  
  146  25:00  Gateway  
  146  25:02  Pylon, Gateway  
  146  25:05  Pylon  
  146  25:18  Nexus  
Tags
 
Matchup
PvZ
Opening
Pool First
Replay Pack
10.7.19
Spawn Locations
Cross Positions
Add a new tag
Caveats
  • Supply blocks, unpowered buildings, or Contaminate may cause inaccurate times.
  • Supply counts are checked every 10 seconds.